 Dungeon Crawl Stone Soup version 0.22-a0-166-g5351223 (webtiles) character file.

87 mortelune the Chiller (level 4, 0/30 HPs)
             Began as a Demonspawn Ice Elementalist on Feb 13, 2018.
             Succumbed to an adder's poison
             ... on level 2 of the Dungeon.
             The game lasted 00:05:55 (2825 turns).

mortelune the Chiller (Demonspawn Ice Elementalist) Turns: 2825, Time: 00:05:56

Health: 0/30       AC:  9    Str:  8    XL:     4   Next: 28%
Magic:  1/8        EV: 12    Int: 18    God:
Gold:   41         SH:  0    Dex: 13    Spells: 2/8 levels left

rFire    . . .     SeeInvis .   h - +0 mace
rCold    . . .     Gourm    .   (no shield)
rNeg     . . .     Faith    .   a - +0 robe
rPois    .         Spirit   .   (no helmet)
rElec    .         Reflect  .   (no cloak)
rCorr    .         Harm     .   (no gloves)
MR       .....                  (no boots)
Stlth    ++........             (no amulet)
HPRegen  0.10/turn              (no ring)
MPRegen  0.11/turn              (no ring)

@: lethally poisoned (0 -> -1), icy armour, very slightly contaminated, slow
A: iridescent scales 1, powered by pain 1
a: no special abilities


You were on level 2 of the Dungeon.
You were not hungry.

You visited 1 branch of the dungeon, and saw 2 of its levels.

You collected 41 gold pieces.

Inventory:

Hand Weapons
 e - a +0 dagger
 h - a +0 mace (weapon)
 j - a cursed -3 whip
Armour
 a - a +0 robe (worn)
Scrolls
 g - a scroll of blinking {unknown}
 i - a scroll of teleportation
Books
 b - a book of Frost

   Spells                             Type                      Level
   a - Freeze                         Ice                          1
   b - Throw Frost                    Conjuration/Ice              2
   c - Ozocubu's Armour               Charms/Ice                   3
   d - Throw Icicle                   Conjuration/Ice              4
   e - Summon Ice Beast               Ice/Summoning                4
Comestibles
 c - 2 rations


   Skills:
 - Level 2.0 Dodging
 - Level 1.7 Stealth
 + Level 2.7 Spellcasting
 + Level 1.9 Conjurations
 * Level 3.7 Ice Magic


You had 2 spell levels left.
You knew the following spells:

 Your Spells              Type           Power        Failure   Level  Hunger
a - Freeze                Ice            ###.         3%          1    None
b - Throw Frost           Conj/Ice       ##....       8%          2    ##.....
c - Ozocubu's Armour      Chrm/Ice       #.......     24%         3    ###....


Dungeon Overview and Level Annotations

Branches:
Dungeon (2/15)

Altars:

Annotations:
D:2 Robin


Innate Abilities, Weirdness & Mutations

You are partially covered in iridescent scales. (AC +2)
You sometimes gain a little power by taking damage.


Message History

You feel sick. The adder bites you but does no damage.
You barely miss the adder.
The adder is almost dead.
The adder misses you. The adder bites you but does no damage.
You hit the adder.
You kill the adder!
* * * LOW HITPOINT WARNING * * *
You feel sick.
You aren't carrying any potions.
You see here an adder corpse.
* * * LOW HITPOINT WARNING * * *
You feel sick.
* * * LOW HITPOINT WARNING * * *
You feel sick.
All of the chunks of flesh in your inventory have rotted away.
There is a lethal amount of poison in your body!
There is a lethal amount of poison in your body!
* * * LOW HITPOINT WARNING * * *
You feel sick.
You die...

.''.....#
#.....#.........# #.
.##.....#
###.###.#.......#.##.
.##....##
#.....+.......#....
.##....#
.#####....#.......####.
.#######
.......................
.#
##........##.#.........
##
#........##'#.........
#####....#............
#...@................
#................S...
#....................
#...........>.....(.<
#...............####.
#...............# .
######........######.#
#.............# #.#
#.......####### #.#


There were no monsters in sight!

Vanquished Creatures
  2 adders (D:2)
  A dart slug (D:2)
  A leopard gecko (D:2)
  3 bats
  6 giant cockroaches
  11 goblins
  3 hobgoblins
  11 jackals
  4 ball pythons
  A frilled lizard (D:1)
  7 kobolds
  11 rats
61 creatures vanquished.

Notes
Turn   | Place    | Note
-------+----------+-------------------------------------------
     0 | D:1      | mortelune the Demonspawn Ice Elementalist began the quest for the Orb.
     0 | D:1      | Reached XP level 1. HP: 13/13 MP: 3/3
   346 | D:1      | Gained mutation: You are partially covered in iridescent scales. (AC +2) [demonic ancestry]
   346 | D:1      | Reached XP level 2. HP: 19/19 MP: 0/5
   368 | D:1      | Learned a level 2 spell: Throw Frost
   767 | D:1      | Reached skill level 3 in Ice Magic
  1563 | D:1      | Reached XP level 3. HP: 23/24 MP: 4/6
  1819 | D:1      | Learned a level 3 spell: Ozocubu's Armour
  2532 | D:2      | Gained mutation: You sometimes gain a little power by taking damage. [demonic ancestry]
  2532 | D:2      | Reached XP level 4. HP: 30/30 MP: 3/7
  2663 | D:2      | Noticed Robin
  2822 | D:2      | HP: 1/30 [poisoned by an adder]
  2825 | D:2      | Succumbed to an adder's poison

Vault maps used:
D:1:      minmay_arrival_doors
D:2:      uniq_robin

Skill      XL: |  1  2 |
---------------+-------+-----
Dodging        | 2 |  2.0
Ice Magic      | 3 |  3.7
Stealth        | |  1.7
Spellcasting   | |  2.7
Conjurations   | |  1.9

Action                   |  1- 3 |  4- 6 || total
-------------------------+-------+-------++-------
Melee: Dagger            |    11 |       ||    11
       Mace              |     9 |     9 ||    18
 Cast: Freeze            |    66 |    16 ||    82
       Throw Frost       |     7 |     3 ||    10
       Ozocubu's Armour  |     1 |     1 ||     2
  Use: Scroll            |       |     2 ||     2
       Potion            |       |     1 ||     1
  Eat: Chunk             |     6 |     1 ||     7
Armor: Robe              |    23 |    11 ||    34
Dodge: Dodged            |    52 |    30 ||    82

Table legend:
 A = Spawn XP
 B = Non-spawn XP
 C = Spawn XP percentage of total XP
 D = Spawn monster count
 E = Non-spawn monster count
 F = Spawn count percentage of total count
 G = Total turns spent on level
                    A         B        C        D         E        F      G
               +---------+---------+-------+---------+---------+-------+---------
         Total |       0 |     125 |   0.0 |       0 |      61 |   0.0 |  2825
               +---------+---------+-------+---------+---------+-------+---------
           D:1 |       0 |      44 |   0.0 |       0 |      27 |   0.0 |  1830
           D:2 |       0 |      81 |   0.0 |       0 |      34 |   0.0 |   995
               +---------+---------+-------+---------+---------+-------+---------
